Map: Lerilak Crest

Players

AcerBly (Bly)

  • Race: Zerg Zerg
  • League: Master

frozz - Winner!

  • Race: Terran Terran
  • League: Master

Event: DreamHack ZOWIE Open Leipzig

VOD

Have the link to the VOD?

Description

Time

  • Played on: Jan. 22, 2016, 7:33 a.m.
  • Length: 10:07

All games in this series

Show
View Real Time Build Order
Export as new Build Order

AcerBly Zerg 

Build Orders: 2 Base Muta, Hatch First, Zergling Mutalisk, Zergling Roach Ravager 

Get SALT Encoding   

  12  0:01  Drone  
  13  0:13  Overlord  
  13  0:18  Drone  
  14  0:31  Drone x2  
  16  0:36  Drone  
  17  0:53  Hatchery  
  17  0:55  Drone  
  17  0:58  Extractor  
  16  1:10  Spawning Pool  
  15  1:14  Drone  
  15  1:17  Drone  
  17  1:21  Drone  
  18  1:29  Drone  
  19  1:39  Overlord  
  19  1:57  Queen  
  19  1:58  Zergling x2  
  19  2:01  Metabolic Boost, Zergling x2  
  23  2:06  Queen  
  25  2:09  Zergling x2  
  26  2:16  Drone x2  
  28  2:23  Drone  
  28  2:27  Drone  
  30  2:39  Overlord  
  30  2:41  Queen  
  32  2:50  Lair  
  32  2:53  Drone x2  
  34  2:59  Drone  
  34  3:00  Drone  
  36  3:10  Drone x5  
  41  3:17  Overlord  
  40  3:26  Zergling x8  
  42  3:35  Zergling x2  
  42  3:37  Drone  
  42  3:39  Extractor  
  42  3:40  Extractor  
  42  3:46  Drone x3  
  43  3:50  Zergling x4  
  40  4:04  Drone  
  40  4:05  Drone x2  
  40  4:06  Zergling x4  
  44  4:13  Spire  
  42  4:20  Drone  
  42  4:21  Drone x4  
  43  4:29  Overseer  
  43  4:31  Drone x2  
  44  4:40  Zergling x4  
  44  4:41  Zergling x6  
  49  4:51  Zergling x4  
  35  5:01  Drone x2  
  36  5:11  Drone  
  36  5:12  Drone  
  38  5:18  Spore Crawler  
  33  5:25  Drone x2  
  32  5:33  Mutalisk x2  
  33  5:43  Mutalisk x2  
  37  5:53  Mutalisk  
  36  6:00  Mutalisk  
  38  6:09  Drone x2  
  38  6:10  Drone x4  
  43  6:17  Drone  
  44  6:24  Mutalisk  
  45  6:27  Drone  
  46  6:37  Drone x2  
  48  6:40  Drone x2  
  48  6:44  Drone x2  
  52  6:53  Overlord  
  50  7:09  Mutalisk  
  50  7:11  Overlord  
  50  7:13  Drone x5  
  50  7:14  Drone  
  58  7:22  Mutalisk  
  58  7:28  Overlord  
  60  7:39  Drone x3  
  60  7:40  Drone  
  60  7:44  Mutalisk x2  
  67  7:52  Mutalisk  
  69  7:59  Drone x3  
  69  8:00  Drone  
  73  8:06  Drone x2  
  73  8:07  Hatchery  
  73  8:11  Mutalisk  
  74  8:14  Drone x2  
  74  8:16  Extractor  
  75  8:20  Roach Warren  
  75  8:22  Overlord  
  74  8:30  Mutalisk  
  74  8:50  Overlord x2, Corruptor  
  74  8:51  Overlord  
  76  9:01  Roach x4  
  76  9:02  Roach  
  82  9:03  Roach  
  82  9:09  Roach x3  
  82  9:19  Roach x2  
  82  9:20  Roach x2  
  66  9:29  Roach  
  56  9:36  Roach  
  48  9:41  Ravager x2  
  49  9:50  Ravager  
Show
View Real Time Build Order
Export as new Build Order

frozz Terran - Winner!

Build Orders: Hellion Banshee 

Get SALT Encoding   

  12  0:00  SCV  
  13  0:13  SCV  
  14  0:17  Supply Depot  
  14  0:25  SCV  
  15  0:39  SCV  
  15  0:40  Barracks  
  16  0:45  Refinery  
  16  0:51  SCV  
  17  1:03  SCV  
  18  1:15  SCV  
  19  1:27  Orbital Command  
  19  1:37  Command Center  
  19  1:40  Marine  
  20  1:51  Factory  
  20  1:54  SCV  
  21  2:06  Barracks Reactor  
  21  2:08  SCV  
  22  2:10  Supply Depot  
  22  2:16  Refinery  
  22  2:20  SCV  
  23  2:32  SCV  
  24  2:44  SCV, Starport  
  24  2:48  Hellion  
  24  2:49  Hellion  
  29  2:51  Orbital Command  
  29  2:54  Barracks Tech Lab  
  29  2:57  SCV  
  30  3:10  Hellion  
  30  3:11  Hellion  
  34  3:18  SCV  
  34  3:19  SCV  
  35  3:31  Hellion  
  35  3:33  Hellion  
  38  3:35  SCV  
  38  3:36  SCV  
  40  3:45  Supply Depot  
  40  3:47  SCV  
  41  3:49  Cloaking Field  
  41  3:51  Banshee  
  41  3:53  SCV  
  44  4:02  SCV  
  44  4:05  SCV, Hellion  
  44  4:07  Hellion  
  47  4:12  Barracks Tech Lab  
  47  4:23  SCV  
  46  4:25  SCV  
  46  4:26  Hellion  
  46  4:27  Supply Depot  
  46  4:29  Hellion  
  49  4:34  Banshee, Marine  
  49  4:35  SCV  
  54  4:47  SCV  
  54  4:48  Hellion  
  54  4:49  SCV  
  54  4:50  Supply Depot, Hellion  
  54  4:52  Marine  
  58  5:00  SCV  
  58  5:03  Liberator  
  58  5:05  Supply Depot  
  51  5:07  Stimpack  
  51  5:10  Hellion  
  55  5:15  Marine  
  55  5:17  Engineering Bay  
  53  5:33  Hellion x2  
  56  5:36  Marine  
  56  5:40  Barracks  
  56  5:41  Barracks  
  57  5:44  Sensor Tower  
  57  5:48  Missile Turret x2  
  57  5:51  SCV, Missile Turret  
  58  5:57  Hellion x2  
  52  6:05  SCV, Marine  
  43  6:23  Marine  
  43  6:24  Liberator  
  43  6:25  Liberator  
  40  6:34  Barracks Reactor x2  
  40  6:41  Marine  
  40  6:42  SCV  
  40  6:43  SCV  
  49  6:54  Siege Tank  
  49  6:55  SCV x2  
  52  7:04  Marine  
  52  7:07  SCV  
  52  7:08  SCV  
  52  7:11  Terran Infantry Weapons Level 1, Marine  
  52  7:12  Marine  
  52  7:13  Marine  
  52  7:15  Marine  
  53  7:28  Marine  
  57  7:33  Marine  
  57  7:35  Marine  
  57  7:36  SCV, Marine  
  61  7:43  SCV, Marine  
  61  7:44  Siege Tank  
  63  7:49  Medivac x2  
  63  7:51  SCV, Marine  
  66  7:53  Missile Turret  
  66  7:55  Marine x2  
  66  7:56  SCV  
  70  8:01  Refinery  
  67  8:12  Marine x2  
  68  8:13  SCV  
  68  8:15  SCV  
  68  8:18  Supply Depot, Marine  
  68  8:19  Medivac  
  73  8:22  Marine x2  
  73  8:25  SCV  
  73  8:27  SCV  
  76  8:28  Missile Turret  
  76  8:31  Marine x2  
  77  8:36  Marine  
  77  8:39  Marine  
  76  8:44  Siege Tank, Marine  
  76  8:45  SCV  
  81  8:48  Marine  
  81  8:53  Marine  
  82  9:02  Marine x3  
  84  9:06  Marine  
  85  9:12  Marine  
  85  9:16  Siege Tank  
  84  9:19  Marine x2  
  84  9:20  Marine  
  83  9:24  Marine  
  83  9:30  Marine  
  79  9:37  Marine x3  
  80  9:42  Marine  
  81  9:47  Marine  

Tags
 
Add a new tag
Caveats
  • Supply blocks, unpowered buildings, or Contaminate may cause inaccurate times.
  • Supply counts are checked every 10 seconds.